 Dungeon Crawl Stone Soup version 0.20-a0-809-gaf7f668 (webtiles) character file.

1247 Firecrotchwizard the Spear-Bearer (level 8, 0/62 HPs)
             Began as a Merfolk Skald on Mar 4, 2017.
             Slain by a neqoxec (4 damage)
             ... summoned by a kobold demonologist
             ... on level 6 of the Dungeon.
             The game lasted 00:20:39 (6993 turns).

Firecrotchwizard the Spear-Bearer (Merfolk Skald)   Turns: 6993, Time: 00:20:40

Health: 0/62       AC: 12    Str: 11      XL:     8   Next: 50%
Magic:  11/11      EV: 13    Int: 14      God:
Gold:   188        SH:  0    Dex: 13 (14) Spells: 8/11 levels left

rFire    . . .     SeeInvis .   x - +1 trident
rCold    . . .     Gourm    .   y - +0 ring mail
rNeg     . . .     Faith    .   (no shield)
rPois    .         Spirit   .   B - +0 helmet
rElec    .         Reflect  .   v - +2 cloak
rCorr    .         Harm     .   o - +2 pair of gloves
MR       .....                  (no boots)
Stlth    +.........             z - amulet of regeneration
Regen    0.6/turn               (no ring)
MPRegen  0.2/turn               u - ring of wizardry

@: no status effects
A: change form in water, swift swim, stealthy swim
a: no special abilities


You were on level 6 of the Dungeon.
You were not hungry.

You visited 2 branches of the dungeon, and saw 7 of its levels.

You collected 308 gold pieces.
You spent 120 gold pieces at shops.

Inventory:

Hand Weapons
 a - a +0 spear
 k - a +0 halberd
 x - a +1 trident (weapon)
Armour
 b - a +0 leather armour
 o - a +2 pair of gloves (worn)
 v - a +2 cloak (worn)
 y - a +0 ring mail (worn)
 B - a +0 helmet (worn)
Jewellery
 s - an uncursed amulet of the gourmand
 u - a ring of wizardry (left hand)
 z - an amulet of regeneration (around neck)
Wands
 e - a wand of iceblast (6/15)
 D - a wand of random effects (31/48)
Scrolls
 l - a scroll of identify
 m - 2 scrolls of blinking
 t - a scroll of remove curse
 E - a scroll of magic mapping
Potions
 f - 3 potions of haste {unknown}
 g - 2 potions of degeneration
 h - 4 potions of heal wounds
 j - a potion of invisibility {unknown}
 n - a potion of ambrosia {unknown}
 p - a potion of mutation {unknown}
 r - 2 potions of flight
 w - 2 potions of curing
 C - 2 potions of lignification
Books
 c - a book of Battle

   Spells                             Type                      Level
   a - Infusion                       Charms                       1
   b - Shroud of Golubria             Charms/Translocation         2
   c - Song of Slaying                Charms                       2
   d - Spectral Weapon                Hexes/Charms                 3
   e - Regeneration                   Charms/Necromancy            3
Comestibles
 d - 6 bread rations
 i - 3 fruits
 q - 4 royal jellies
 A - a meat ration


   Skills:
 + Level 5.2 Fighting
 * Level 9.9 Polearms
 - Level 0.6 Armour
 + Level 6.7 Dodging
 - Level 2.0 Spellcasting
 - Level 3.5 Charms
 - Level 3.0 Evocations


You had 8 spell levels left.
You knew the following spells:

 Your Spells              Type           Power        Failure   Level  Hunger
a - Infusion              Chrm           ##..         6%          1    ##.....
b - Shroud of Golubria    Chrm/Tloc      #.........   21%         2    ###....


Dungeon Overview and Level Annotations

Branches:
Dungeon (6/15)             Temple (1/1) D:5

Altars:
Ashenzari
Cheibriados
Dithmenos
Elyvilon
Fedhas
Gozag
Hepliaklqana
Makhleb
Ru
Trog
Uskayaw
Wu Jian
Xom
Yredelemnul
Zin
The Shining One

Shops:
D:5 (


Message History

The kobold demonologist is heavily wounded.
The quasit bites you.
* * * LOW HITPOINT WARNING * * *
The quasit claws you but does no damage.
The quasit claws you.
* * * LOW HITPOINT WARNING * * *
The shadow imp closely misses you.
The kobold demonologist hits you but does no damage.
You hit the neqoxec.
The neqoxec is lightly wounded.
The quasit bites you but does no damage.
The quasit barely misses you. x2; The neqoxec closely misses you.
The shadow imp hits you but does no damage.
The kobold demonologist hits you but does no damage.
You hit the neqoxec but do no damage.
The neqoxec is lightly wounded.
The quasit bites you but does no damage.
The quasit barely misses you. The quasit closely misses you.
The neqoxec hits you.
You die...

.............#
.......
............##
.......
............#
.....>.
..........###
.......
........###
.......
......#.#
##..###$## ##
### ##(##..##
#.@5K..#
#53K...)#
#..55.....#
##........#
#.........
##........
#####.... ####


You could see a kobold demonologist, a neqoxec, a big kobold, an iron imp, a
quasit, a white imp and a shadow imp.

Vanquished Creatures
  Grinder (D:5)
  2 ice beasts (D:6)
  3 ogres (D:4)
  Blork the orc (D:5)
  A scorpion (D:6)
  3 crimson imps
  An orc priest (D:4)
  A bullfrog skeleton (D:4)
  A jelly (D:5)
  An orc wizard (D:3)
  2 worker ants
  A hound skeleton (D:4)
  9 adders
  A shadow imp (D:6)
  An ooze (D:1)
  An adder zombie (D:4)
  3 dart slugs
  A worm (D:4)
  3 leopard geckos
  5 orcs
  9 bats
  3 giant cockroaches
  13 goblins
  11 hobgoblins
  10 jackals
  4 quokkas
  2 ball pythons
  4 frilled lizards
  11 kobolds
  9 rats
118 creatures vanquished.

Notes
Turn   | Place    | Note
-------+----------+-------------------------------------------
     0 | D:1      | Firecrotchwizard the Merfolk Skald began the quest for the Orb.
     0 | D:1      | Reached XP level 1. HP: 16/16 MP: 3/3
    63 | D:1      | Reached XP level 2. HP: 20/23 MP: 5/5
   326 | D:1      | Reached skill level 4 in Polearms
   655 | D:1      | Reached XP level 3. HP: 28/28 MP: 6/6
  1830 | D:2      | Reached XP level 4. HP: 25/34 MP: 7/7
  2185 | D:2      | Reached skill level 5 in Polearms
  2299 | D:2      | Found a burning altar of Makhleb.
  2656 | D:3      | Learned a level 2 spell: Shroud of Golubria
  2755 | D:3      | Reached XP level 5. HP: 32/40 MP: 8/8
  3755 | D:3      | Reached skill level 6 in Polearms
  3985 | D:4      | Noticed an ogre
  4079 | D:4      | Found a snail-covered altar of Cheibriados.
  4079 | D:4      | Found a basalt altar of Yredelemnul.
  4142 | D:4      | Reached XP level 6. HP: 47/47 MP: 9/9
  4220 | D:4      | Reached skill level 7 in Polearms
  4378 | D:4      | Reached skill level 5 in Dodging
  4512 | D:4      | Reached skill level 1 in Evocations
  4512 | D:4      | Reached XP level 7. HP: 53/54 MP: 10/10
  4833 | D:4      | Reached skill level 8 in Polearms
  4860 | D:4      | Found an opulent altar of Gozag.
  5041 | D:5      | Entered Level 5 of the Dungeon
  5064 | D:5      | Found Yxocsotu's Antique Weapon Shoppe.
  5106 | D:5      | Bought a halberd for 120 gold pieces
  5292 | D:5      | Found a white marble altar of Elyvilon.
  5524 | D:5      | Noticed Grinder
  5535 | D:5      | Killed Grinder
  5535 | D:5      | Reached skill level 9 in Polearms
  5535 | D:5      | Reached XP level 8. HP: 48/61 MP: 11/11
  5566 | D:5      | Found an ornate altar of the Wu Jian Council.
  5719 | D:5      | Found a staircase to the Ecumenical Temple.
  5725 | Temple   | Entered the Ecumenical Temple
  6355 | D:5      | Noticed Blork the orc
  6370 | D:5      | Killed Blork the orc
  6516 | D:6      | Reached skill level 5 in Fighting
  6962 | D:6      | Noticed a kobold demonologist
  6991 | D:6      | HP: 3/62 [quasit[a kobold demonologist] (1)]
  6993 | D:6      | Slain by a neqoxec

Vault maps used:
D:1:      dpeg_arrival_arbitrary_a
D:2:      lightli_temple_of_fire, first_bread, kennysheep_cross_bottleneck
D:4:      marbit_many_paths, gammafunk_temple_overflow_statue
D:5:      nicolae_overflow_crystal_walls, lemuel_coloured_pillars_altar,
          temple_green, serial_shops, shop, uniq_grinder, uniq_blork_the_orc
Temple:   chequers_temple_sunken

Skill      XL: |  1  2  3  4  5  6  7  8 |
---------------+-------------------------+-----
Polearms       | 4 5 6 7 9 |  9.9
Dodging        | 3 4 5 6 |  6.7
Fighting       | 3 4 5 |  5.2
Evocations     | 1 2 3 |  3.0
Armour         | |  0.6
Spellcasting   | |  2.0
Charms         | |  3.5

Action                   |  1- 3 |  4- 6 |  7- 9 || total
-------------------------+-------+-------+-------++-------
Melee: Spear             |   140 |   146 |       ||   286
       Trident           |       |   140 |   179 ||   319
  Use: Scroll            |       |    11 |     6 ||    17
 Stab: Sleeping          |     2 |       |       ||     2
  Eat: Chunk             |     2 |     8 |     3 ||    13
       Fruit             |     1 |     1 |     5 ||     7
Armor: Leather armour    |    21 |    20 |       ||    41
       Ring mail         |       |    34 |    42 ||    76
Dodge: Dodged            |    51 |   147 |   106 ||   304
